 Dungeon Crawl Stone Soup version 0.31-a0-920-g28cbb04a8c (webtiles) character file.

Game seed: 5761390139753611739

2442 Xavori the Cutter (level 9, -10/63 HPs)
             Began as an Octopode Chaos Knight on Oct 17, 2023.
             Was a Plaything of Xom.
             Mangled by Joseph
             ... wielding a +2 quarterstaff of chaos
              (21 damage)
             ... on level 7 of the Dungeon.
             The game lasted 00:09:03 (13542 turns).

Xavori the Cutter (Octopode Chaos Knight)          Turns: 13542, Time: 00:09:03

Health: -10/63     AC:  1    Str: 13 (16) XL:     9   Next: 49%
Magic:  8/8        EV: 19    Int: 19 (20) God:    Xom [..*...]
Gold:   322        SH:  0    Dex: 20 (21) Spells: 8/8 levels left

rFire   . . .        i - +2 short sword (venom)
rCold   . . .        (no shield)
rNeg    . . .        (helmet restricted)
rPois   .            (no amulet)
rElec   .            g - +5 ring of evasion
rCorr   .            K - +6 ring of dexterity
SInv    .            (no ring)
Will    .....        (no ring)
Stlth   ++++         (no ring)
HPRegen 0.30/turn    (no ring)
MPRegen 0.11/turn    (no ring)
                     (no ring)

%: clarity
@: grasped by roots, constricted
A: almost no armour, amphibious, 8 rings, camouflage 2, gelatinous body 1,
(nimble swimmer 1), tentacles, antennae 1, fangs 1, agile 1, clarity, clever 2,
low MP 1, strong 2, wild magic 1
a: Renounce Religion


You were on level 7 of the Dungeon.
You worshipped Xom.
You were a toy of Xom.
You visited 1 branch of the dungeon, and saw 7 of its levels.
You also visited: Sewer.

You collected 322 gold pieces.

Inventory:

Hand Weapons
 a - a +0 short sword of chaos
 i - a +2 short sword of venom (weapon)
Missiles
 H - 3 throwing nets
Jewellery
 g - a +5 ring of evasion (left tentacle)
 r - a ring of fire
 K - a +6 ring of dexterity (right tentacle)
Wands
 j - a wand of charming (3)
 k - a wand of roots (6)
 v - a wand of polymorph (20)
Scrolls
 b - a scroll of butterflies
 c - a scroll of fear
 e - 2 scrolls of revelation {unknown}
 l - 2 scrolls of acquirement {unknown}
 o - a scroll of poison
 p - 2 scrolls of immolation
 q - a scroll of blinking {unknown}
 t - a scroll of amnesia
 y - 2 scrolls of teleportation
 B - 2 scrolls of enchant armour
 D - a scroll of brand weapon {unknown}
 F - a scroll of vulnerability {unknown}
 G - 2 scrolls of silence {unknown}
 L - a scroll of fog {unknown}
Potions
 f - 2 potions of magic {unknown}
 h - 2 potions of haste {unknown}
 m - a potion of curing
 n - 2 potions of lignification
 s - 3 potions of degeneration
 u - 3 potions of heal wounds {unknown}
 w - a potion of cancellation {unknown}
 x - a potion of resistance {unknown}
 z - 2 potions of invisibility {unknown}
 A - 2 potions of might {unknown}
 C - a potion of brilliance {unknown}
 E - a potion of mutation {unknown}
 I - 2 potions of enlightenment {unknown}
 J - 2 potions of attraction {unknown}


   Skills:
 + Level 6.4 Fighting
 + Level 6.4 Short Blades
 + Level 6.0 Dodging
 + Level 5.7 Evocations
 + Level 4.8 Shapeshifting


You had 8 spell levels left.
You didn't know any spells.
Your spell library contained the following spells:

 Spells                   Type           Power      Damage    Failure   Level
 Apportation              Tloc           0%         N/A       28%         1
 Necrotise                Necr           0%         1d4       28%         1
 Slow                     Hex            0%         N/A       28%         1
 Summon Small Mammal      Summ           0%         N/A       28%         1
 Confusing Touch          Hex            0%         N/A       61%         3
 Sigil of Binding         Hex            0%         N/A       61%         3
 Vampiric Draining        Necr           0%         2d6       61%         3


Dungeon Overview and Level Annotations

Branches:
Dungeon (7/15)             Temple (0/1) D:4           Sewer (visited)

Altars:
Elyvilon
Xom
Yredelemnul

Annotations:
D:7 Joseph, Pikel


Innate Abilities, Weirdness & Mutations

You cannot wear most types of armour.
You are amphibious.
You can wear up to eight rings at the same time.
Your skin blends seamlessly with your surroundings (Stealth++).
Your rubbery body absorbs attacks. (AC +1, EV +1)
((You are camouflaged when in or above water. (Stealth+)))
You have tentacles for arms and can constrict up to eight enemies at once.
You have a pair of small antennae on your head.
You have very sharp teeth.
You are agile. (Dex +4, Str/Int -1)
You possess an exceptional clarity of mind.
Your mind is very acute. (Int +8, Str/Dex -2)
Your magical capacity is low. (-10% MP)
Your muscles are very strong. (Str +8, Int/Dex -2)
Your spells are a little harder to cast, but a little more powerful.


Message History

The grasping roots grab you! Roots grab your butterfly.
Joseph is unaffected.
Roots grab your butterfly. x3
The grasping roots constrict your butterfly.
Your butterfly dies!
Your butterfly disappears in a puff of smoke!
The grasping roots constrict your butterfly!
Your butterfly dies!
Your butterfly degenerates into a cloud of primal chaos!
The grasping roots constrict your butterfly.
Your butterfly dies!
Your butterfly disappears in a puff of smoke!
The grasping roots constrict your butterfly!
Your butterfly dies!
Your butterfly disappears in a puff of smoke!
The grasping roots constrict you.
You hear a shout! x5
Unknown command.
You hit Joseph.
Joseph is poisoned.
Your grab misses Joseph.
Joseph is lightly wounded.
Joseph unwields a +0 sling of flaming.
It stops flaming.
Joseph wields a +2 quarterstaff of chaos.
It is briefly surrounded by a scintillating aura of random colours.
Joseph hits you with a +2 quarterstaff of chaos!
Joseph burns you. The grasping roots constrict you!
* * * LOW HITPOINT WARNING * * *
Unknown command.
You hit Joseph but do no damage.
Joseph looks as sick as possible!
You grab Joseph.
Joseph is lightly wounded.
You constrict Joseph.
Your iron dragon bites Joseph.
Your iron dragon claws Joseph!
Your iron dragon tramples Joseph!
Joseph is held in place!
Unknown command.
You hit Joseph but do no damage.
Joseph looks as sick as possible!
Joseph is heavily wounded.
You constrict Joseph.
Joseph hits you with a +2 quarterstaff of chaos!!
You die...
Xom cackles wildly!

........# ............#......
......... ............#......
......... ###...........#..##
<.......###. #................#
..g......#..## #............###..
..gK..........##...........####<.
...........................###..#
................#..............##
................@.#......#.######
...............@....######.# #
...............Db.#....##..######
####.....#......#......#........#
.##...###........####............
.....z###K#.##.#.##
##.รท........#
.#.##.#...#.....).# #.#........#
........@.)@....#.# #.##.###.###
......#.###.....#.# ..##.# #..##


You could see Joseph (extremely poisoned, ally target), Pikel and a friendly
iron dragon (summoned).

Vanquished Creatures
  Maggie (D:7)
  A steam dragon (D:7)
  A sky beast (D:6)
  3 ice beasts
  A black bear (D:6)
  2 ogres (D:6)
  A centaur (D:6)
  A bullfrog (Sewer)
  Blork the orc (D:6)
  5 scorpions
  2 gnoll sergeants (D:6)
  2 wights (D:6)
  Crazy Yiuf (D:3)
  An orc priest (D:3)
  3 sleepcaps
  5 iguanas
  2 orc wizards
  Robin (D:3)
  9 gnolls
  6 river rats (Sewer)
  5 adders
  2 white imps
  2 ufetubi (D:6)
  2 worms (D:5)
  2 dart slugs (D:3)
  16 orcs
  An endoplasm (D:3)
  A giant cockroach (D:1)
  12 goblins
  7 hobgoblins
  5 quokkas
  14 ball pythons
  6 bats
  5 frilled lizards
  4 kobolds
  35 rats
  A spectral orc (D:6)
169 creatures vanquished.

Vanquished Creatures (collateral kills)
  Ijyb (D:3)
  A dart slug (D:3)
  An orc (D:3)
  2 goblins (D:3)
  A hobgoblin (D:3)
6 creatures vanquished.

Vanquished Creatures (others)
  A bullfrog (Sewer)
  2 adders (Sewer)
  An orc (D:7)
  4 ball pythons (Sewer)
  A bat (D:5)
  2 frilled lizards (Sewer)
11 creatures vanquished.

Grand Total: 186 creatures vanquished

Notes
Turn   | Place    | Note
-------+----------+-------------------------------------------
     0 | D:1      | Xavori the Octopode Chaos Knight began the quest for the
                  | Orb.
     0 | D:1      | Reached XP level 1. HP: 16/16 MP: 1/1
    50 | D:1      | XOM: silly message
   169 | D:1      | Reached XP level 2. HP: 21/21 MP: 2/2
   835 | D:1      | Found a faded altar of an unknown god.
   848 | D:1      | XOM: god gift: wand of charming (4)
   862 | D:2      | Reached XP level 3. HP: 26/26 MP: 3/3
  1223 | D:1      | XOM: give mutations
  1223 | D:1      | Gained mutation: You have supernaturally acute eyesight.
                  | (SInv) [Xom's grace]
  1223 | D:1      | Gained mutation: Your flesh is cold resistant. (rC+) [Xom's
                  | grace]
  1223 | D:1      | Gained mutation: Your skin blends seamlessly with your
                  | surroundings (Stealth++). [Xom's grace]
  1223 | D:1      | Gained mutation: Your muscles are strong. (Str +4, Int/Dex
                  | -1) [Xom's grace]
  1342 | D:1      | XOM: god gift: sharpened fluorescent wand {god gift}
  1610 | D:1      | XOM: give mutations
  1610 | D:1      | Gained mutation: You are somewhat resistant to further
                  | mutation. [Xom's grace]
  1610 | D:1      | Gained mutation: You are strong-willed. (Will+) [Xom's
                  | grace]
  1921 | D:1      | XOM: god gift: 15 gold pieces
  2592 | D:1      | XOM is BORED!
  2592 | D:1      | XOM: give mutations
  2592 | D:1      | Lost mutation: You are strong-willed. (Will+) [Xom's
                  | mischief]
  2592 | D:1      | Gained mutation: Your skin perfectly mimics your
                  | surroundings (Stealth+++). [Xom's mischief]
  2592 | D:1      | Gained mutation: Your flesh is very cold resistant. (rC++)
                  | [Xom's mischief]
  2616 | D:1      | XOM: give mutations
  2616 | D:1      | Lost mutation: You have supernaturally acute eyesight.
                  | (SInv) [Xom's mischief]
  2616 | D:1      | Gained mutation: Your mind is acute. (Int +4, Str/Dex -1)
                  | [Xom's mischief]
  2616 | D:1      | Gained mutation: One of your tentacles bears a spike.
                  | [Xom's mischief]
  3998 | D:1      | XOM: stat loss: -1 Int (16/17)
  4948 | D:1      | XOM: give mutations
  4948 | D:1      | Gained mutation: Your muscles are very strong. (Str +8,
                  | Int/Dex -2) [Xom's mischief]
  4948 | D:1      | Lost mutation: You are somewhat resistant to further
                  | mutation. [Xom's mischief]
  4948 | D:1      | Lost mutation: Your flesh is very cold resistant. (rC++)
                  | [Xom's mischief]
  6281 | D:1      | XOM: silly message
  6625 | D:1      | XOM: summons 2 hostile demons
  6851 | D:2      | XOM: silly message
  7075 | D:1      | XOM: give mutation
  7075 | D:1      | Gained mutation: You are agile. (Dex +4, Str/Int -1) [Xom's
                  | mischief]
  7233 | D:1      | XOM: give mutations
  7233 | D:1      | Lost mutation: Your skin perfectly mimics your surroundings
                  | (Stealth+++). [Xom's mischief]
  7233 | D:1      | Lost mutation: One of your tentacles bears a spike. [Xom's
                  | mischief]
  7659 | D:2      | XOM: god gift: scroll labelled EDOTZE IFFALAP {god gift}
  8191 | D:3      | Noticed Robin
  8193 | D:3      | XOM: enchant monster (good)
  8215 | D:3      | Reached skill level 1 in Evocations
  8215 | D:3      | Reached skill level 1 in Shapeshifting
  8215 | D:3      | Reached XP level 4. HP: 20/32 MP: 4/4
  8422 | D:3      | XOM is BORED!
  8442 | D:3      | XOM: divination: detect creatures
  8517 | D:3      | Reached XP level 5. HP: 37/37 MP: 5/5
  8519 | D:3      | Noticed Ijyb
  8523 | D:3      | Killed Robin
  8528 | D:3      | XOM: noise
  8548 | D:3      | Killed Ijyb
  8736 | D:3      | Found a runed translucent door.
  8737 | D:3      | Noticed Crazy Yiuf
  8820 | D:3      | XOM: scenery: create altars
  8916 | D:3      | Killed Crazy Yiuf
  8949 | D:3      | XOM: god gift: 2 boomerangs
  9275 | D:4      | Found a staircase to the Ecumenical Temple.
  9309 | D:4      | Reached XP level 6. HP: 39/43 MP: 6/6
  9405 | D:4      | XOM: give mutations
  9405 | D:4      | Gained mutation: You have a pair of small antennae on your
                  | head. [Xom's grace]
  9405 | D:4      | Gained mutation: Your mind is very acute. (Int +8, Str/Dex
                  | -2) [Xom's grace]
  9655 | D:5      | Entered Level 5 of the Dungeon
  9675 | D:5      | Found a glowing drain.
  9683 | D:5      | XOM: destruction
  9725 | D:5      | Reached XP level 7. HP: 22/49 MP: 7/7
  9788 | D:5      | XOM: give mutations
  9788 | D:5      | Gained mutation: Your spells are a little harder to cast,
                  | but a little more powerful. [Xom's grace]
  9788 | D:5      | Gained mutation: You possess an exceptional clarity of
                  | mind. [Xom's grace]
  9790 | Sewer    | Entered a sewer
  9834 | Sewer    | XOM: scenery: summon butterflies
  9896 | Sewer    | XOM: cloud trail
 10178 | Sewer    | XOM: destruction
 10294 | D:5      | XOM is BORED!
 10380 | D:5      | Reached skill level 5 in Short Blades
 10380 | D:5      | Reached XP level 8. HP: 43/54 MP: 8/8
 10558 | D:5      | Reached skill level 5 in Fighting
 10945 | D:5      | Found a white marble altar of Elyvilon.
 10976 | D:5      | XOM: give mutation
 10976 | D:5      | Gained mutation: You have very sharp teeth. [Xom's grace]
 11267 | D:6      | Reached skill level 5 in Dodging
 11362 | D:6      | XOM: 4-stop teleportation journey
 11772 | D:6      | Noticed Blork the orc
 11777 | D:6      | Killed Blork the orc
 11778 | D:6      | XOM is BORED!
 11780 | D:6      | Found a basalt altar of Yredelemnul.
 11973 | D:7      | XOM: cast spell 'Cause Fear'
 12100 | D:7      | Noticed Maggie
 12108 | D:6      | Reached skill level 5 in Evocations
 12108 | D:6      | Reached XP level 9. HP: 62/62 MP: 9/9
 12144 | D:7      | Noticed Pikel
 12146 | D:7      | XOM: swap monsters
 12159 | D:7      | XOM: summons 2 friendly demons
 12179 | D:7      | HP: 3/62 [Pikel/bolt of dispelling energy (16)]
 12181 | D:7      | Noticed Joseph
 12368 | D:7      | XOM: noise
 12557 | D:6      | XOM: enchant monster (bad)
 12883 | D:6      | XOM: give mutations
 12883 | D:6      | Lost mutation: Your flesh is cold resistant. (rC+) [Xom's
                  | mischief]
 12883 | D:6      | Gained mutation: Your magical capacity is low. (-10% MP)
                  | [Xom's mischief]
 12911 | D:7      | XOM: blink monster(s)
 12921 | D:7      | Killed Maggie
 13233 | D:7      | XOM: chaos upgrade
 13298 | D:6      | XOM: cloud trail
 13538 | D:7      | XOM: butterfly on damage
 13539 | D:7      | XOM: cast spell 'Summon Dragon'
 13542 | D:7      | Mangled by Joseph

Illustrated notes

Levels and vault maps discovered:
D:1:      shiori_shiawase, layout_basic, chequers_ecumenical_altar_simple_redux,
          amcnicky_mini_rare_corridor_liquid
D:2:      layout_loops_corners
D:3:      layout_rooms, uniq_ijyb, uniq_crazy_yiuf_cottage, uniq_robin
D:4:      layout_loops_ring, minmay_temple_entry_arrows, minivault_23
D:5:      layout_cave_pods, elyvilon_altar_3, cheibrodos_sewer_entry_sluice
D:6:      layout_loops_ring, yredelemnul_forgotten_temple_becter,
          uniq_blork_the_orc
D:7:      layout_rooms, gammafunk_temple_overflow_wave, uniq_pikel, uniq_maggie,
          uniq_joseph

Skill      XL: |  1  2  3  4  5  6  7  8  9 |
---------------+----------------------------+-----
Dodging        | 3 4 5 6 |  6.0
Evocations     | 1 2 3 5 |  5.7
Shapeshifting  | 1 2 3 4 |  4.8
Short Blades   | 4 5 6 |  6.4
Fighting       | 4 5 6 |  6.4

Action                     |  1- 3 |  4- 6 |  7- 9 || total
---------------------------+-------+-------+-------++-------
  Melee: Short sword       |    61 |   107 |   284 ||   452
         Constrict         |    17 |    32 |    54 ||   103
         Tentacles         |    10 |    31 |    57 ||    98
         Unarmed           |       |     8 |       ||     8
         Punch             |       |     3 |     4 ||     7
         Bite              |       |       |    23 ||    23
  Evoke: Wand              |       |       |     2 ||     2
    Use: Scroll            |     1 |       |     9 ||    10
         Potion            |       |       |     4 ||     4
   Stab: Sleeping          |     8 |     1 |    10 ||    19
 Armour: Skin              |    11 |    22 |   116 ||   149
  Dodge: Dodged            |    47 |    73 |   288 ||   408

Table legend: (Time is in decaauts)
 A = Elapsed time spent in this place.
 B = Non-inter-level travel time spent in this place.
 C = Inter-level travel time spent in this place.
 D = Time resting spent in this place.
 E = Time spent auto-exploring this place.
 F = Levels seen in this place.
 G = Mean time per level.
                   A        B        C        D        E       F      G
               +--------+--------+--------+--------+--------+-----+--------+
         Total |  13435 |  13198 |    237 |   7965 |   4159 |   8 | 1679.4 |
       Dungeon |  13032 |  12795 |    237 |   7965 |   3896 |   7 | 1861.7 |
         Sewer |    402 |    402 |      0 |      0 |    263 |   1 |  402.0 |
               +--------+--------+--------+--------+--------+-----+--------+

Top non-repeatable levels by time:
     D:1: 6996 daAuts
     D:6: 2027 daAuts
     D:2: 1114 daAuts
     D:5: 1034 daAuts
     D:3: 817 daAuts
     D:4: 696 daAuts
   Sewer: 402 daAuts
     D:7: 346 daAuts
